 Dungeon Crawl Stone Soup version 0.28.0-62-gf88900778d (webtiles) character file.

Game seed: 13977658478077581033

179 Nonny the Ducker (level 5, 0/40 (49) HPs)
             Began as a Troll Air Elementalist on Apr 10, 2023.
             Succumbed to a scorpion's poison
             ... on level 3 of the Dungeon.
             The game lasted 00:13:08 (2312 turns).

Nonny the Ducker (Troll Air Elementalist)           Turns: 2312, Time: 00:13:08

HP:   0/40 (49)     AC:  4    Str: 16    XL:     5   Next: 32%
MP:   6/6           EV: 10    Int: 13    God:
Gold: 166           SH:  0    Dex: 10    Spells: 3/6 levels left

rFire   . . .      SeeInvis .   (no weapon)
rCold   . . .      Faith    .   (no shield)
rNeg    . . .      Spirit   .   a - +0 robe
rPois   .          Reflect  .   (helmet restricted)
rElec   .          Harm     .   (no cloak)
rCorr   .          Rampage  .   (gloves unavailable)
Will    .....                   (boots unavailable)
Stlth   ++........              (no amulet)
HPRegen 0.93/turn               (no ring)
MPRegen 0.10/turn               (no ring)

@: lethally poisoned (0 -> 0), attractive, heavily drained
A: large, unfitting armour, claws 3, regeneration 1, shaggy fur 1, tough skin 1
a: no special abilities


You were on level 3 of the Dungeon.
You visited 1 branch of the dungeon, and saw 4 of its levels.

You collected 166 gold pieces.

Inventory:

Missiles
 i - 2 poisoned darts
 j - 5 large rocks (quivered)
Armour
 a - a +0 robe (worn)
Wands
 h - a wand of mindburst (14)
Scrolls
 b - 6 scrolls of teleportation
 k - a scroll of noise {unknown}
Potions
 c - a potion of brilliance {unknown}
 d - a potion of lignification {unknown}
 e - a potion of mutation {unknown}
 f - a potion of resistance {unknown}
 g - 2 potions of attraction
 l - a potion of curing {unknown}
 m - 2 potions of ambrosia {unknown}


   Skills:
 + Level 1.7 Fighting
 + Level 2.5 Dodging
 * Level 2.3 Stealth
 - Level 1.4 Spellcasting
 - Level 1.0 Conjurations
 - Level 2.0 Air Magic


You had 3 spell levels left.
You knew the following spells:

 Your Spells              Type           Power      Damage    Failure   Level
a - Shock                 Conj/Air       16%        1d4       14%         1
b - Static Discharge      Conj/Air       4%         N/A       22%         2

Your spell library contained the following spells:

 Spells                   Type           Power      Damage    Failure   Level
 Swiftness                Air            6%         N/A       34%         3
 Airstrike                Air            3%         N/A       75%         4


Dungeon Overview and Level Annotations

Branches:
Dungeon (4/15)
 Temple: D:4-7

Altars:


Innate Abilities, Weirdness & Mutations

You are too large for most types of armour.
You have claws for hands.
Your natural rate of healing is unusually fast.
You are covered in fur. (AC +1)
You have tough skin. (AC +1)


Message History

Aim: a gnoll, wielding a +1 flail of draining (severely wounded, chance to affect: 72%)
The gnoll's mind is blasted!
You blow up the gnoll!
Unknown command.
Aiming: Mindburst
Press: ? - help, Shift-Dir - straight line, f - scorpion
Aim: a scorpion (chance to affect: 64%)
The scorpion's mind is blasted!
The scorpion stings you but does no damage.
Unknown command.
You barely miss the scorpion.
The scorpion is heavily wounded.
The gnoll closely misses you. The scorpion stings you.
Unknown command.
Press: ? - help, v - describe, . - travel
Here: a gnoll, wielding a +2 halberd of flaming The floor.
The gnoll barely misses you. The scorpion stings you.
There is a stone staircase leading up here.
The scorpion stings you.
You are poisoned.
The scorpion poisons you!
The gnoll hits you from afar with a +2 halberd of flaming.
* * * LOW HITPOINT WARNING * * *
The gnoll burns you.
* * * LOW HITPOINT WARNING * * *
You climb upwards.
You feel very sick.
There is a stone staircase leading down here.
You closely miss the scorpion.
The scorpion is moderately wounded.
You feel sick. The scorpion stings you.
* * * LOW HITPOINT WARNING * * *
The scorpion closely misses you.
Unknown command.
You are too injured to fight recklessly!
It was a potion of attraction.
You feel attractive to monsters.
You die...

#......#....#.# #.####.####.#.#
#.# #.# #.#.# #.# #.####.#.#
#.####).....#.# #######
##.....<.#....^# ......#
#....#.#.#.#####
......###....#.#s#.#
........'....'..@#.#
.......##....#.###.#
.......#######.....#############
.......# #.....'...........#
.......# #.....###########.#
######'#######<.......# #)#
#........##........# #.# #
#........##.#......# #.# #
#........####)#############.#


You could see a scorpion.

Vanquished Creatures
  An orc priest (D:4)
  Natasha (D:2)
  4 gnolls
  2 adders (D:2)
  An ufetubus (D:2)
  A worm (D:3)
  3 dart slugs
  An orc (D:3)
  4 bats (D:1)
  3 endoplasms
  2 giant cockroaches (D:1)
  6 goblins
  3 hobgoblins (D:1)
  6 jackals (D:3)
  2 kobolds (D:1)
  9 ball pythons
  2 frilled lizards (D:2)
  6 rats
57 creatures vanquished.

Vanquished Creatures (others)
  4 toadstools (D:1)
4 creatures vanquished.

Grand Total: 61 creatures vanquished

Notes
Turn   | Place    | Note
-------+----------+-------------------------------------------
     0 | D:1      | Nonny the Troll Air Elementalist began the quest for the
                  | Orb.
     0 | D:1      | Reached XP level 1. HP: 16/16 MP: 1/1
   140 | D:1      | Reached XP level 2. HP: 24/24 MP: 3/3
   536 | D:1      | Reached skill level 1 in Conjurations
   830 | D:2      | Reached XP level 3. HP: 31/32 MP: 4/4
   897 | D:2      | 4chamb
  1121 | D:3      | YWNUTZ LUEDUW - teleportation
  1122 | D:3      | PAENWA EQEPNYF - fog
  1268 | D:2      | D:3 uphatch leads to southeastern D:2
  1272 | D:2      | Reached skill level 1 in Fighting
  1298 | D:2      | Noticed Natasha
  1308 | D:2      | Killed Natasha
  1309 | D:2      | Reached XP level 4. HP: 28/41 MP: 5/5
  1451 | D:2      | You fall into a shaft and drop 1 floor!
  1759 | D:3      | Noticed a floating eye
  1762 | D:3      | Found a faded altar of an unknown god.
  1763 | D:3      | Noticed an eye of devastation
  1763 | D:3      | Noticed a golden eye
  1763 | D:3      | Noticed a golden eye
  2029 | D:2      | Reached XP level 5. HP: 47/48 MP: 6/6
  2067 | D:2      | Learned a level 2 spell: Static Discharge
  2311 | D:3      | HP: 1/40 [scorpion (6)]
  2312 | D:3      | Succumbed to a scorpion's poison

Illustrated notes

##'##
#.##########...##
#.........#.....##
#.#.# #........##
#....####.........###
#...... +.........'..
.....# #.........###
#.#.#.###........##
#...@.....#.....##
#####.######...## #.#
##'## #.# #.#
##.#######.#
#........#.##
#..#####....######
#..# #..........
#..#####......####


Turn 897 on D:2: 4chamb ## #. #.#.### #...†@# #.#.### #. #. #. ## Turn 1121 on
D:3: YWNUTZ LUEDUW - teleportation ## #. #.#§### #..§§@# #.#§### #. #. #. ##
Turn 1122 on D:3: PAENWA EQEPNYF - fog .. .. .. '# .# . ### .# w[.
.....###.#..... .......@....... .###5#......... ##...#.... ##.## ... ## # Turn
1268 on D:2: D:3 uphatch leads to southeastern D:2

Levels and vault maps discovered:
D:1:      ldierk_water_garden, layout_basic
D:2:      layout_loops_corners, uniq_natasha
D:3:      layout_basic, hellmonk_ecumenical_altar_watching_god
D:4:      layout_loops_cross

Skill      XL: |  1  2  3  4 |
---------------+-------------+-----
Conjurations   | 1 |  1.0
Dodging        | 2 |  2.5
Fighting       | 1 |  1.7
Stealth        | 2 |  2.3
Spellcasting   | |  1.4
Air Magic      | |  2.0

Action                   |  1- 3 |  4- 6 || total
-------------------------+-------+-------++-------
Melee: Unarmed           |   110 |    67 ||   177
       Punch             |     1 |     1 ||     2
Throw: Large rock        |       |     1 ||     1
 Cast: Shock             |     4 |     5 ||     9
       Static Discharge  |       |     1 ||     1
Evoke: Wand              |       |     2 ||     2
  Use: Scroll            |     2 |       ||     2
       Potion            |       |     1 ||     1
 Stab: Sleeping          |     5 |       ||     5
Armor: Robe              |    36 |    11 ||    47
Dodge: Dodged            |    51 |    33 ||    84
